AoeStats
← Brazy_Boy4

Arena

510674697Analyzed
4v4 RM · 20h ago on Oct 2, 2026· 47m 57s· 8 players
Game mode
Random Map
Map size
Large (8 player)
Population
200
Speed
Normal
Resources
Standard
Victory
Conquest
Starting age
Dark Age
Ending age
Imperial Age
RankedLock teamsTeams togetherTeam positionsShared explorationLock speedFull tech treeHidden civsTurbo modeCheats
Victory
Defeat
🇨🇦 Koreans · Canada
1192
+13
🇺🇸 Danes · United States
1128
+15
🇺🇸 Cumans · United States
1106
+16
🇺🇸 Celts · United States
1083
+17
🇺🇸 Vietnamese · United States
1140
-16
🇦🇺 Japanese · Australia
1119
-16
🇨🇳 Huns · China
1095
-15
🇹🇼 Italians · Taiwan
1085
-14
Jum
10:41 Feudal Age
11:14 Double-Bit Axe
11:35 Loom
16:17 Castle Age
15:02 Horse Collar
16:10 Stone Mining
17:41 Bow Saw
22:50 Heavy Plow
24:16 Scale Barding Armor
26:12 Wheelbarrow
28:05 Chatras
28:21 Bloodlines
28:08 Gold Mining
29:10 Hand Cart
29:36 Stone Shaft Mining
30:52 Forging
32:51 Ballistics
35:09 Imperial Age
33:02 Fletching
35:11 Bodkin Arrow
35:17 Padded Archer Armor
35:38 Chain Barding Armor
36:14 Paper Money
36:31 Paper Money
35:31 Elite Rattan Archer
36:43 Thumb Ring
37:52 Chemistry
36:54 Bracer
38:35 Leather Archer Armor
38:55 Plate Barding Armor
38:56 Iron Casting
39:31 Masonry
39:32 Fortified Wall
38:45 Elite Skirmisher
39:35 Husbandry
41:01 Elite Battle Elephant
44:35 Ring Archer Armor
44:07 Caravan
呆呆的路痴
10:53 Feudal Age
11:42 Horse Collar
15:19 Castle Age
13:13 Double-Bit Axe
13:44 Loom
14:51 Loom
16:53 Wheelbarrow
29:11 Heavy Plow
29:24 Bow Saw
32:16 Stone Mining
34:31 Thumb Ring
36:08 Ballistics
35:29 Treadmill Crane
36:47 Fletching
40:44 Imperial Age
38:31 Hand Cart
38:14 Bodkin Arrow
38:19 Padded Archer Armor
41:25 Gold Mining
42:37 Two-Man Saw
42:43 Chemistry
41:46 Bracer
42:01 Leather Archer Armor
43:56 Crop Rotation
43:35 Elite Genoese Crossbowman
44:40 Conscription
46:15 Ring Archer Armor
45:56 Forging
45:51 Scale Barding Armor
47:05 Pirotechnia
Irri
6:25 Loom
9:51 Feudal Age
15:11 Man-at-Arms
16:31 Man-at-Arms
24:54 Double-Bit Axe
29:40 Castle Age
28:35 Horse Collar
28:49 Gold Mining
30:31 Pikeman
31:57 Bow Saw
32:36 Forging
32:26 Scale Mail Armor
37:43 Imperial Age
35:31 Heavy Plow
34:55 Long Swordsman
37:08 Stone Mining
38:17 Wheelbarrow
39:18 Hand Cart
38:48 Capped Ram
41:41 Onager
43:12 Conscription
44:47 Chemistry
44:08 Ballistics
45:17 Iron Casting
cihuncihome
11:37 Feudal Age
12:50 Double-Bit Axe
15:40 Castle Age
13:29 Horse Collar
14:16 Arson
14:16 Man-at-Arms
16:46 Scale Mail Armor
19:22 Squires
20:50 Long Swordsman
21:50 Chain Mail Armor
26:32 Gold Mining
26:36 Loom
30:15 Forging
35:48 Stone Mining
39:55 Imperial Age
39:04 Iron Casting
39:01 Husbandry
39:14 Bloodlines
40:59 Marauders
Brazy_Boy4
0:42 Loom
11:40 Feudal Age
12:08 Double-Bit Axe
17:05 Castle Age
18:12 Horse Collar
21:17 Wheelbarrow
28:29 Forging
29:54 Heavy Plow
30:06 Bow Saw
30:16 Scale Mail Armor
32:26 Fletching
33:40 Iron Casting
36:28 Imperial Age
34:05 Stone Mining
35:02 Gold Mining
35:30 Hand Cart
34:41 Hamask
35:26 Squires
35:12 Gambesons
36:58 Ballistics
36:54 Chain Mail Armor
38:00 Stone Shaft Mining
37:41 Elite Jomsviking
38:54 Plate Mail Armor
38:27 Arson
40:27 Blast Furnace
39:43 Town Watch
43:01 Gold Shaft Mining
43:02 Conscription
46:38 Chemistry
osteor10
10:49 Feudal Age
10:15 Loom
12:50 Double-Bit Axe
15:23 Wheelbarrow
25:09 Castle Age
27:04 Bow Saw
28:53 Fletching
29:03 Padded Archer Armor
29:09 Scale Barding Armor
30:20 Thumb Ring
33:10 Leather Archer Armor
32:59 Bodkin Arrow
34:39 Leather Archer Armor
36:54 Gold Mining
36:54 Stone Mining
37:26 Scale Barding Armor
40:12 Imperial Age
37:28 Horse Collar
38:23 Ballistics
39:16 Chain Barding Armor
41:26 Parthian Tactics
40:23 Heavy Cavalry Archer
41:56 Ring Archer Armor
42:01 Plate Barding Armor
42:30 Chemistry
42:34 Two-Man Saw
41:58 Hand Cart
41:35 Town Watch
43:47 Bloodlines
FEMALE INCA VILLAGER
4:50 Loom
9:47 Feudal Age
11:21 Double-Bit Axe
11:16 Horse Collar
11:30 Fletching
11:57 Town Watch
23:13 Castle Age
24:04 Bodkin Arrow
25:34 Treadmill Crane
27:58 Heavy Plow
28:10 Bow Saw
32:59 Imperial Age
33:12 Stone Mining
36:14 Conscription
36:55 Ballistics
39:05 Wheelbarrow
44:40 Hand Cart
44:22 Gold Mining
46:49 Scale Barding Armor
46:55 Forging
48:20 Husbandry
48:42 Chain Barding Armor
48:58 Iron Casting
Panzerkore
11:03 Feudal Age
15:45 Castle Age
13:55 Double-Bit Axe
18:06 Loom
21:23 Horse Collar
23:14 Heavy Plow
24:57 Wheelbarrow
26:04 Scale Mail Armor
29:26 Hand Cart
30:20 Bow Saw
32:44 Imperial Age
31:19 Chain Mail Armor
31:15 Forging
30:56 Fletching
31:31 Ballistics
31:22 Masonry
31:15 Town Watch
31:27 Gold Mining
32:29 Town Patrol
32:58 Heavy Scorpion
33:51 Furor Celtica
34:04 Conscription
34:24 Plate Mail Armor
34:29 Iron Casting
34:39 Gold Shaft Mining
33:38 Pikeman
34:04 Arson
34:15 Man-at-Arms
34:43 Gambesons
35:24 Stronghold
36:11 Hoardings
35:00 Long Swordsman
35:04 Capped Ram
36:00 Siege Engineers
35:49 Halberdier
37:34 Chemistry
41:06 Two-Handed Swordsman
43:37 Blast Furnace
42:32 Bodkin Arrow
42:38 Padded Archer Armor
Connection lost

Rejoining the realm…

Still unreachable

The connection could not be restored.

Session expired

The server has moved on; the page needs a fresh start.